 Dungeon Crawl Stone Soup version 0.26.1-11-gd32895ea62 (webtiles) character file.

Game seed: 13413195125560930505

76 0gre the Protected (level 4, 41/41 HPs)
             Began as a Gnoll Wanderer on May 24, 2021.
             Quit the game on level 2 of the Dungeon.
             The game lasted 00:06:21 (1475 turns).

0gre the Protected (Gnoll Wanderer)                 Turns: 1475, Time: 00:06:22

Health: 41/41      AC: 10    Str: 15    XL:     4   Next: 32%
Magic:  5/5        EV: 10    Int: 13    God:
Gold:   95         SH:  0    Dex: 16    Spells: 5/5 levels left

rFire    . . .     SeeInvis .   b - +0 hunting sling
rCold    . . .     Faith    .   (no shield)
rNeg     . . .     Spirit   .   d - +2 scale mail
rPois    .         Reflect  .   (no helmet)
rElec    .         Harm     .   (no cloak)
rCorr    .         Rampage  .   (no gloves)
Will     .....                  (no boots)
Stlth    ..........             (no amulet)
HPRegen  0.13/turn              (no ring)
MPRegen  0.09/turn              (no ring)

@: no status effects
A: distributed training, fangs 1, strong nose
a: no special abilities


You were on level 2 of the Dungeon.
You visited 1 branch of the dungeon, and saw 2 of its levels.

You collected 95 gold pieces.

Inventory:

Hand Weapons
 a - a +4 dagger of venom
 b - a +0 hunting sling (weapon)
Missiles
 f - 39 arrows
 h - 40 stones (quivered ammo)
 i - 19 bolts
 k - 16 sling bullets
Armour
 d - a +2 scale mail (worn)
Scrolls
 e - a scroll of blinking {unknown}
 l - 2 scrolls of teleportation {unknown}
 n - 2 scrolls of identify {unknown}
 p - a scroll of enchant armour {unknown}
 q - a scroll of fog {unknown}
 r - 3 scrolls of remove curse {unknown}
 s - a scroll of noise {unknown}
 t - a scroll of amnesia {unknown}
Potions
 c - 4 potions of lignification
 g - a potion of degeneration {unknown}
 j - a potion of attraction {unknown}
 m - 2 potions of curing
 o - 2 potions of ambrosia {unknown}


   Skills:
 + Level 6.6 Fighting
 + Level 1.1 Short Blades
 + Level 1.1 Long Blades
 + Level 1.1 Axes
 + Level 1.1 Maces & Flails
 + Level 1.1 Polearms
 + Level 1.1 Staves
 + Level 1.1 Slings
 + Level 2.7 Bows
 + Level 1.1 Crossbows
 + Level 1.1 Throwing
 + Level 8.5 Armour
 + Level 1.1 Dodging
 + Level 1.1 Stealth
 + Level 4.6 Shields
 + Level 1.1 Unarmed Combat
 + Level 1.1 Spellcasting
 + Level 0.8 Conjurations
 + Level 0.8 Hexes
 + Level 0.8 Summonings
 + Level 0.8 Necromancy
 + Level 0.8 Translocations
 + Level 0.8 Transmutations
 + Level 0.8 Fire Magic
 + Level 0.8 Ice Magic
 + Level 0.8 Air Magic
 + Level 0.8 Earth Magic
 + Level 0.8 Poison Magic
 + Level 1.2 Invocations
 + Level 1.1 Evocations


You had 5 spell levels left.
You didn't know any spells.
Your spell library contained the following spells:

 Spells                   Type           Power        Failure   Level
 Animate Skeleton         Necr           6%           54%         1
 Apportation              Tloc           6%           54%         1
 Corona                   Hex            3%           54%         1
 Summon Small Mammal      Summ           12%          54%         1


Dungeon Overview and Level Annotations

Branches:
Dungeon (2/15)

Altars:


Innate Abilities, Weirdness & Mutations

Your experience applies equally to all skills.
You have very sharp teeth.
Your uncanny sense of smell can sniff out nearby items.


Message History

a - a +4 dagger of venom Your +4 dagger of venom begins to drip with poison!
a - a +4 dagger of venom (weapon)
Your +4 dagger of venom stops dripping with poison.
b - a +0 hunting sling (weapon)
Found a stone staircase leading up.
Found an escape hatch in the ceiling.
There is an escape hatch in the ceiling here.
t - a scroll labelled BALIAL WOEGG You enter the shallow water.
Moving in this stuff is going to be slow.
You enter the shallow water.
Moving in this stuff is going to be slow.
You enter the shallow water.
Moving in this stuff is going to be slow.
You see here a +0 club.
r - 3 scrolls labelled ETSIME GILUO (gained 1)
You pick up a book of Cantrips and begin reading...
You add the spells Corona, Animate Skeleton, Summon Small Mammal and Apportation to your library.
Are you sure you want to abandon this character and quit the game? (Confirm with "yes".)

############ # #.#
#..........###. #.#
#......≈≈.≈≈.#.####.#
#.......≈...........##
#.......≈≈...........###
#....................≈≈#
#...................#.≈≈
#......@.............##≈
#...................#...
#...................#..#
#...................#.##
#...................≈.##
....................≈≈.#
#...................≈...
...################.####
##. #.........


There were no monsters in sight!

Vanquished Creatures
  Jessica (D:2)
  An ooze (D:1)
  A worm (D:2)
  2 dart slugs (D:1)
  A leopard gecko (D:1)
  3 giant cockroaches (D:1)
  3 goblins
  5 hobgoblins
  3 jackals (D:1)
  8 kobolds (D:1)
  2 bats (D:1)
  4 frilled lizards (D:1)
  4 rats (D:1)
38 creatures vanquished.

Notes
Turn   | Place    | Note
-------+----------+-------------------------------------------
     0 | D:1      | 0gre the Gnoll Wanderer began the quest for the Orb.
     0 | D:1      | 0gre set off with the following items: a +0 club, a potion
                  | of curing, a potion of lignification, a +2 scale mail
     0 | D:1      | Reached XP level 1. HP: 23/23 MP: 1/1
   247 | D:1      | Reached XP level 2. HP: 23/29 MP: 2/2
   452 | D:1      | Reached XP level 3. HP: 35/35 MP: 3/3
   866 | D:1      | Reached skill level 1 in Invocations
  1320 | D:2      | Noticed Jessica
  1327 | D:2      | Reached skill level 1 in Short Blades
  1327 | D:2      | Reached skill level 1 in Long Blades
  1327 | D:2      | Reached skill level 1 in Axes
  1327 | D:2      | Reached skill level 1 in Maces & Flails
  1327 | D:2      | Reached skill level 1 in Polearms
  1327 | D:2      | Reached skill level 1 in Staves
  1327 | D:2      | Reached skill level 1 in Slings
  1327 | D:2      | Reached skill level 1 in Crossbows
  1327 | D:2      | Reached skill level 1 in Throwing
  1327 | D:2      | Reached skill level 1 in Dodging
  1327 | D:2      | Reached skill level 1 in Stealth
  1327 | D:2      | Reached skill level 1 in Unarmed Combat
  1327 | D:2      | Reached skill level 1 in Spellcasting
  1327 | D:2      | Reached skill level 1 in Evocations
  1329 | D:2      | Killed Jessica
  1330 | D:2      | Reached XP level 4. HP: 41/41 MP: 5/5
  1475 | D:2      | Quit the game

Illustrated notes

Levels and vault maps discovered:
D:1:      dpeg_arrival_tiny_a, layout_basic
D:2:      layout_basic, serial_rivers, chequers_serial_rivers_micro_e,
          chequers_serial_rivers_small_3, chequers_serial_rivers_small_a,
          chequers_serial_rivers_micro_c, chequers_serial_rivers_small_b,
          chequers_serial_rivers_large_a, uniq_jessica

Skill      XL: |  1  2  3 |
---------------+----------+-----
Invocations    | 1 |  1.2
Short Blades   | 1 |  1.1
Long Blades    | 1 |  1.1
Axes           | 1 |  1.1
Maces & Flails | 1 |  1.1
Polearms       | 1 |  1.1
Staves         | 1 |  1.1
Slings         | 1 |  1.1
Crossbows      | 1 |  1.1
Throwing       | 1 |  1.1
Dodging        | 1 |  1.1
Stealth        | 1 |  1.1
Unarmed Combat | 1 |  1.1
Spellcasting   | 1 |  1.1
Evocations     | 1 |  1.1
Fighting       | |  6.6
Bows           | |  2.7
Armour         | |  8.5
Shields        | |  4.6
Conjurations   | |  0.8
Hexes          | |  0.8
Summonings     | |  0.8
Necromancy     | |  0.8
Translocations | |  0.8
Transmutations | |  0.8
Fire Magic     | |  0.8
Ice Magic      | |  0.8
Air Magic      | |  0.8
Earth Magic    | |  0.8
Poison Magic   | |  0.8

Action                   |  1- 3 |  4- 6 || total
-------------------------+-------+-------++-------
Melee: Club              |   143 |       ||   143
       Bite              |    17 |       ||    17
 Fire: Hunting sling     |    28 |       ||    28
Armor: Scale mail        |   110 |       ||   110
Dodge: Dodged            |    98 |       ||    98
